Map: Hard Lead LE

Players

SubN

  • Race: Zerg Zerg
  • League: Diamond
  • Spawn Location: 5:00

FreshJuice - Winner!

  • Race: Protoss Protoss
  • League: Diamond
  • Spawn Location: 11:00

VOD

Have the link to the VOD?

Description

Time

  • Played on: Nov. 18, 2023, 10:33 a.m.
  • Length: 7:17
Show
View Real Time Build Order
Export as new Build Order

SubN Zerg 

Build Orders: Hatch First 

Get SALT Encoding   

  12  0:00  Drone  
  13  0:12  Overlord  
  13  0:17  Drone  
  14  0:30  Drone x2  
  16  0:50  Hatchery  
  16  0:55  Drone x2  
  17  1:07  Extractor  
  16  1:13  Drone  
  16  1:17  Spawning Pool  
  16  1:30  Drone x3  
  19  1:40  Drone  
  20  2:00  Overlord  
  20  2:05  Queen  
  20  2:06  Queen  
  24  2:09  Metabolic Boost  
  24  2:11  Zergling x2  
  24  2:13  Zergling x2  
  26  2:22  Drone x2  
  28  2:24  Drone  
  30  2:37  Drone  
  30  2:40  Drone  
  30  2:41  Queen  
  30  2:42  Drone  
  34  2:47  Drone x2  
  36  2:56  Overlord  
  36  2:58  Overlord  
  36  3:18  Drone x5  
  41  3:23  Zergling x4  
  41  3:24  Hatchery  
  42  3:38  Zergling x2  
  42  3:39  Zergling x2  
  41  4:05  Drone  
  41  4:06  Drone x7  
  47  4:20  Extractor  
  47  4:21  Overlord x2  
  46  4:31  Overlord x4  
  46  4:35  Queen  
  48  4:38  Queen  
  48  4:40  Queen  
  48  4:45  Extractor  
  51  4:46  Extractor  
  51  4:47  Spore Crawler  
  51  4:48  Spore Crawler  
  51  4:50  Spore Crawler  
  47  4:53  Spore Crawler  
  46  5:00  Drone x12  
  58  5:09  Spore Crawler x2  
  58  5:12  Lair  
  56  5:33  Drone x2  
  58  5:36  Drone x10  
  58  5:42  Overlord x3  
  68  6:02  Drone  
  68  6:03  Spore Crawler  
  66  6:14  Drone x2, Hydralisk Den  
  66  6:16  Spire  
  66  6:17  Queen  
  68  6:18  Queen  
  68  6:19  Queen  
  68  6:21  Drone x11  
  68  6:24  Extractor  
  82  6:26  Extractor  
  82  6:27  Overlord  
  82  6:28  Overlord  
  81  6:39  Spore Crawler  
  80  6:41  Overlord  
Show
View Real Time Build Order
Export as new Build Order

FreshJuice Protoss - Winner!

Build Orders: 1 Gate Expand 

Get SALT Encoding   

  12  0:02  Probe  
  14  0:14  Probe  
  14  0:22  Pylon  
  14  0:26  Probe  
  15  0:40  Probe  
  16  0:45  Gateway  
  16  0:52  Probe (Chrono Boost)  
  16  0:55  Assimilator  
  17  1:02  Probe (Chrono Boost)  
  18  1:07  Probe (Chrono Boost)  
  19  1:19  Probe  
  20  1:31  Probe  
  21  1:36  Cybernetics Core  
  21  1:42  Nexus  
  21  1:45  Probe  
  22  1:55  Assimilator  
  22  2:00  Probe  
  23  2:01  Pylon  
  23  2:14  Warp Gate  
  23  2:19  Probe, Adept (Chrono Boost)  
  26  2:23  Shield Battery  
  26  2:31  Probe (Chrono Boost)  
  27  2:42  Probe (Chrono Boost), Adept (Chrono Boost)  
  30  2:47  Probe (Chrono Boost)  
  30  2:48  Stargate  
  31  2:57  Probe (Chrono Boost)  
  33  3:04  Probe (Chrono Boost)  
  34  3:06  Probe (Chrono Boost)  
  34  3:09  Adept  
  34  3:11  Probe (Chrono Boost)  
  34  3:12  Probe  
  38  3:22  Probe  
  38  3:24  Probe  
  44  3:34  Probe, Void Ray (Chrono Boost)  
  44  3:36  Probe  
  46  4:06  Probe x2  
  46  4:07  Twilight Council  
  44  4:15  Pylon  
  44  4:21  Pylon  
  44  4:22  Pylon  
  44  4:23  Pylon  
  44  4:24  Pylon  
  48  4:38  Charge (Chrono Boost)  
  48  4:39  Void Ray  
  48  4:42  Gateway  
  48  4:43  Gateway  
  48  4:44  Gateway  
  48  4:47  Gateway  
  48  4:49  Robotics Facility  
  48  4:55  Gateway x2  
  48  5:04  Gateway  
  48  5:10  Pylon  
  52  5:22  Void Ray  
  52  5:36  Warp Prism (Chrono Boost)  
  58  6:05  Warp Prism (Chrono Boost)  
  58  6:06  Void Ray  
  60  6:14  Assimilator  
  60  6:17  Assimilator  
  60  6:25  Zealot x3  
  62  6:26  Zealot x5  
  76  6:53  Zealot x6  
  76  6:54  Zealot x2  
  92  7:13  Zealot  
Tags
 
Add a new tag
Caveats
  • Supply blocks, unpowered buildings, or Contaminate may cause inaccurate times.
  • Supply counts are checked every 10 seconds.